 Dungeon Crawl Stone Soup version 0.31.0-9-g3a7656b989 (webtiles) character file.

Game seed: 15344434060082973676

318 qw the Skirmisher (level 6, 0/36 HPs)
             Began as a Deep Elf Hunter on Feb 2, 2024.
             Slain by a gnoll
             ... wielding a +0 halberd
              (2 damage)
             ... on level 4 of the Dungeon.
             The game lasted 00:00:15 (2757 turns).

qw the Skirmisher (Deep Elf Hunter)                 Turns: 2757, Time: 00:00:16

Health: 0/36       AC: 10    Str:  7 (10) XL:     6   Next: 21%
Magic:  8/8        EV: 10    Int: 12 (14) God:
Gold:   76         SH:  0    Dex: 17 (18) Spells: 5/5 levels left

rFire   . . .        a - +1 shortbow (flame)
rCold   . . .        (shield currently unavailable)
rNeg    . . .        b - +3 ring mail of Precision Catastrophes {Regen+ rCorr}
rPois   .            h - +0 helmet
rElec   .            (no cloak)
rCorr   +            (no gloves)
SInv    +            f - +0 pair of boots
Will    .....        (no amulet)
Stlth   +            i - ring of see invisible
HPRegen 1.06/turn    (no ring)
MPRegen 0.11/turn

%: no passive effects
@: about to teleport
A: no striking features
a: no special abilities


You were on level 4 of the Dungeon.
You visited 1 branch of the dungeon, and saw 4 of its levels.

You collected 176 gold pieces.
You spent 100 gold pieces at shops.


   Skills:
 - Level 2.3 Fighting
 + Level 9.2 Ranged Weapons
 - Level 1.1 Armour
 - Level 2.4 Dodging
 - Level 1.2 Stealth


You had 5 spell levels left.
You didn't know any spells.
Your spell library was empty.

Inventory:

Hand Weapons
 a - a +1 shortbow of flaming (weapon)
Armour
 b - the +3 ring mail of Precision Catastrophes (worn) {Regen+ rCorr}
   (You found it on level 2 of the Dungeon)

   Regen+:    It increases your rate of health regeneration.
   rCorr:     It protects you from acid and corrosion.
 f - a +0 pair of boots (worn)
 h - a +0 helmet (worn)
Jewellery
 i - a ring of see invisible (left hand)
Wands
 e - a wand of flame (29)
Scrolls
 k - a scroll of revelation {unknown}
 l - a scroll of identify
Potions
 d - a potion of resistance {unknown}
 j - a potion of mutation
 m - a potion of attraction {unknown}
 o - a potion of berserk rage {unknown}

Dungeon Overview and Level Annotations

Branches:
Dungeon (4/15)
 Temple: D:4-7

Altars:
Dithmenos
Okawaru

Shops:
D:1 :?((::   D:3 *

Annotations:
D:3 1 runed translucent door, Crazy Yiuf


Message History

Enter note:
2748 ||| RETREEEEATING.
The orc attacks as it pursues you!
The orc hits you with a +2 flail of holy wrath.
You shoot an arrow. The arrow hits the orc.
The arrow burns the orc.
The orc is heavily wounded.
The orc hits you with a +2 flail of holy wrath.
You shoot an arrow. The arrow barely misses the orc.
The arrow hits the gnoll.
The arrow burns the gnoll.
The gnoll is moderately wounded.
The orc hits you with a +2 flail of holy wrath.
The gnoll hits you from afar with a +0 spear.
You shoot an arrow. The arrow hits the orc.
The arrow burns the orc.
You kill the orc!
The gnoll hits you from afar with a +0 halberd.
The gnoll hits you but does no damage.
2752 ||| RETREEEEATING.
The gnoll hits you but does no damage. The gnoll hits you with a +0 spear.
The gnoll hits you but does no damage.
Things that are here:
a +2 flail of holy wrath; an orc corpse
2753 ||| RETREEEEATING.
The gnoll closely misses you. The gnoll hits you but does no damage.
2754 ||| RETREEEEATING.
The gnoll closely misses you.
The gnoll hits you but does no damage. x2
Things that are here:
a +2 flail of holy wrath; an orc corpse
2755 ||| RETREEEEATING.
The gnoll hits you from afar with a +0 spear.
The gnoll closely misses you.
2756 ||| RETREEEEATING.
The gnoll hits you with a +0 halberd. The gnoll hits you with a +0 spear.
The gnoll hits you from afar with a +0 spear.
Things that are here:
a +2 flail of holy wrath; an orc corpse
2757 ||| READING scroll of teleportation.
As you read the scroll of teleportation, it crumbles to dust.
You feel strangely unstable. The gnoll hits you with a +0 halberd.
You die...

#........................
#.....................##.
#....................%##.
#..###...................
#..# ##......#.....#####.
###..# ##.###.#......# #.
#....# #.# #.)......# #.
##...#### #.# ###...%..#
#. #.....<.###@# #......#
## #.......oggg# ####.###
#.......##fg..# #...
###.?............. ..##.
## ##.............. ..
.... ##.)..........# #
##. #............# ##
##...........#
###.........#


You could see a sleepcap, an orc wizard (invisible) and 4 gnolls.

Vanquished Creatures
  A bombardier beetle (D:3)
  A hound (D:4)
  Jessica (D:3)
  An orc wizard (D:4)
  An iguana (D:4)
  Robin (D:3)
  8 adders
  2 ribbon worms
  3 orcs
  5 bats
  5 endoplasms
  3 giant cockroaches (D:1)
  12 goblins
  16 hobgoblins
  12 kobolds
  A quokka (D:3)
  7 ball pythons
  3 frilled lizards
  5 rats
88 creatures vanquished.

Notes
Turn   | Place    | Note
-------+----------+-------------------------------------------
     0 | D:1      | qw the Deep Elf Hunter began the quest for the Orb.
     0 | D:1      | Reached XP level 1. HP: 12/12 MP: 3/3
     0 | D:1      | 0 ||| qw: Version: 0.3-a-155-g5e7d8dd
     0 | D:1      | 0 ||| qw: Game counter: 1011
     0 | D:1      | 0 ||| qw: Melee chars always use a shield: true
     0 | D:1      | 0 ||| qw: God list: Okawaru
     0 | D:1      | 0 ||| qw: Allow faded altars: false
     0 | D:1      | 0 ||| qw: Do Orc after clearing Dungeon:15 true
     0 | D:1      | 0 ||| qw: Do second Lair branch before Depths: true
     0 | D:1      | 0 ||| qw: Lair rune preference: random
     0 | D:1      | 0 ||| qw: Goals: Normal
     0 | D:1      | 0 ||| PLANNING D:1-11
   219 | D:1      | Found Efroischa's Magic Scroll Shoppe.
   224 | D:1      | 224 ||| SHOPLISTING scroll of enchant weapon (90 gold, have
                  | 0).
   224 | D:1      | 224 ||| SHOPLISTING scroll of identify (24 gold, have 0).
   224 | D:1      | 224 ||| SHOPLISTING scroll of teleportation (36 gold, have
                  | 0).
   247 | D:1      | Found Fetuxuidgh's Book Shop.
   263 | D:1      | Reached XP level 2. HP: 15/16 MP: 4/4
   276 | D:1      | Reached skill level 6 in Ranged Weapons
   366 | D:1      | Found Ephy's Weapon Shop.
   395 | D:1      | Found Wuveumeci's Antique Weapon Shop.
   428 | D:1      | Found Kofolanu's Vocational Training.
   549 | D:1      | Found Ufituz's Book Shoppe.
   710 | D:1      | 710 ||| UPGRADING to +0 pair of boots.
   715 | D:1      | 715 ||| READING scroll labelled SEXUPU PISEMA.
   716 | D:1      | 716 ||| READING scroll labelled KAOFENK UMIF.
   817 | D:1      | 817 ||| READING scroll labelled IFYICECOCH.
   818 | D:1      | 818 ||| DROPPING scroll of butterflies.
   927 | D:2      | Reached XP level 3. HP: 20/20 MP: 5/5
   957 | D:2      | Identified the +3 ring mail of Precision Catastrophes
                  | {Regen+ rCorr}
  1186 | D:2      | Reached skill level 7 in Ranged Weapons
  1556 | D:2      | 1556 ||| UPGRADING to +3 ring mail of Precision
                  | Catastrophes {Regen+ rCorr}.
  1566 | D:2      | 1566 ||| DROPPING +0 leather armour.
  1567 | D:2      | 1567 ||| UPGRADING to ring of see invisible.
  1568 | D:2      | 1568 ||| READING 2 scrolls labelled IBEOPN NEASI.
  1572 | D:2      | 1572 ||| READING 2 scrolls labelled DIFENITSUC.
  1573 | D:2      | 1573 ||| DROPPING scroll of fog.
  1623 | D:3      | Found an iron altar of Okawaru.
  1709 | D:3      | Reached XP level 4. HP: 25/25 MP: 6/6
  1823 | D:3      | Noticed Jessica
  1825 | D:3      | Killed Jessica
  1826 | D:3      | Reached skill level 8 in Ranged Weapons
  1959 | D:3      | Noticed Robin
  1974 | D:3      | Killed Robin
  1988 | D:3      | Reached XP level 5. HP: 29/29 MP: 7/7
  2022 | D:3      | Found Fuicitok's General Store.
  2027 | D:3      | 2027 ||| BUYING potion of mutation (80 gold).
  2027 | D:3      | Bought a potion of mutation for 80 gold pieces
  2027 | D:3      | 2027 ||| BUYING scroll of identify (20 gold).
  2027 | D:3      | Bought a scroll of identify for 20 gold pieces
  2027 | D:3      | 2027 ||| SHOPLISTING wand of paralysis (9) (216 gold, have
                  | 20).
  2109 | D:3      | Found a shadowy altar of Dithmenos.
  2130 | D:3      | Reached skill level 9 in Ranged Weapons
  2250 | D:3      | Found a runed translucent door.
  2251 | D:3      | Noticed Crazy Yiuf
  2526 | D:3      | 2526 ||| UPGRADING to +0 helmet.
  2531 | D:3      | 2531 ||| READING scroll of identify.
  2531 | D:3      | 2531 ||| IDENTIFYING black potion
  2532 | D:3      | 2532 ||| READING scroll labelled YVOSABUATA.
  2532 | D:3      | 2532 ||| ENCHANTING +0 shortbow.
  2533 | D:3      | 2533 ||| READING scroll labelled FYPTEA JEYSTRADAY.
  2533 | D:3      | 2533 ||| BRANDING +1 shortbow.
  2534 | D:3      | 2534 ||| DRINKING 2 bubbling dark potions.
  2535 | D:3      | 2535 ||| DROPPING potion of degeneration.
  2685 | D:4      | Reached skill level 1 in Armour
  2685 | D:4      | Reached XP level 6. HP: 26/36 MP: 8/8
  2734 | D:4      | 2734 ||| RETREEEEATING.
  2735 | D:4      | 2735 ||| RETREEEEATING.
  2736 | D:4      | 2736 ||| RETREEEEATING.
  2737 | D:4      | 2737 ||| RETREEEEATING.
  2738 | D:4      | 2738 ||| RETREEEEATING.
  2742 | D:4      | 2742 ||| DRINKING potion of curing.
  2742 | D:4      | 2742 ||| (to cure confusion)
  2745 | D:4      | 2745 ||| RETREEEEATING.
  2746 | D:4      | 2746 ||| RETREEEEATING.
  2748 | D:4      | 2748 ||| RETREEEEATING.
  2752 | D:4      | 2752 ||| RETREEEEATING.
  2753 | D:4      | 2753 ||| RETREEEEATING.
  2754 | D:4      | 2754 ||| RETREEEEATING.
  2755 | D:4      | 2755 ||| RETREEEEATING.
  2756 | D:4      | 2756 ||| RETREEEEATING.
  2756 | D:4      | HP: 9/36 [gnoll/+0 halberd (5)]
  2756 | D:4      | HP: 1/36 [gnoll/+0 spear (6)]
  2757 | D:4      | 2757 ||| READING scroll of teleportation.
  2757 | D:4      | Slain by a gnoll

Levels and vault maps discovered:
D:1:      nzn_arrival_water_spiral, layout_loops_corners, serial_shops,
          nicolae_shop_statue_plus, shop, shop, shop, nicolae_shop_tiny_glass,
          hangedman_decor_points, nicolae_shop_vocational
D:2:      layout_loops_cross, nicolae_houndstooth_variations
D:3:      layout_loops_ring, nicolae_dithmenos_through_a_glass_darkly,
          nicolae_overflow_hidden_temple, serial_shops,
          nicolae_shop_hallway_plus, minmay_hedge_maze, uniq_crazy_yiuf_cottage,
          uniq_jessica, uniq_robin
D:4:      layout_rooms, minmay_puff

Skill      XL: |  1  2  3  4  5 |
---------------+----------------+-----
Ranged Weapons | 6 7 8 9 |  9.2
Fighting       | 2 |  2.3
Armour         | 1 |  1.1
Dodging        | |  2.4
Stealth        | |  1.2

Action                     |  1- 3 |  4- 6 || total
---------------------------+-------+-------++-------
   Fire: Shortbow          |   146 |   110 ||   256
    Use: Scroll            |     5 |     4 ||     9
         Potion            |       |     2 ||     2
 Armour: Leather armour    |    14 |       ||    14
         Ring mail         |     7 |    54 ||    61
  Dodge: Dodged            |    33 |    38 ||    71

Table legend:
 A = Non-vault XP
 B = Vault XP
 C = Vault XP percentage of total XP
 D = Non-vault monster count
 E = Vault monster count
 F = Vault count percentage of total count
                 A         B        C        D         E       F
            +---------+---------+-------+---------+---------+-------
      Total |     382 |      73 |  16.0 |      75 |      13 |  14.8
            +---------+---------+-------+---------+---------+-------
        D:1 |      34 |       0 |   0.0 |      20 |       0 |   0.0
        D:2 |      47 |       0 |   0.0 |      21 |       0 |   0.0
        D:3 |     147 |      73 |  33.2 |      23 |      13 |  36.1
        D:4 |     154 |       0 |   0.0 |      11 |       0 |   0.0
            +---------+---------+-------+---------+---------+-------
